Map: Catalyst LE

Players

Hurricane

  • Race: Protoss Protoss
  • League: Grandmaster
  • Spawn Location: 11:00

llllllllllll (Oliveira) - Winner!

  • Race: Terran Terran
  • League: Grandmaster
  • Spawn Location: 5:00

VOD

Have the link to the VOD?

Description

Time

  • Played on: Feb. 13, 2018, 8:33 a.m.
  • Length: 12:38
Show
View Real Time Build Order
Export as new Build Order

Hurricane Protoss 

Build Orders: 1 Gate Expand, Oracle Opening 

Get SALT Encoding   

  12  0:00  Probe  
  13  0:13  Probe  
  14  0:17  Pylon  
  14  0:25  Probe (Chrono Boost)  
  15  0:36  Gateway  
  15  0:37  Probe (Chrono Boost)  
  16  0:44  Probe (Chrono Boost)  
  16  0:46  Assimilator  
  17  0:51  Probe  
  18  1:03  Probe  
  19  1:15  Probe  
  20  1:24  Nexus  
  20  1:33  Cybernetics Core  
  20  1:36  Probe  
  21  1:41  Assimilator  
  21  1:48  Probe  
  21  1:52  Pylon  
  22  2:00  Probe  
  23  2:08  Adept (Chrono Boost)  
  23  2:12  Probe  
  26  2:16  Stargate  
  26  2:24  Probe (Chrono Boost)  
  26  2:26  Warp Gate  
  27  2:30  Adept  
  27  2:35  Probe (Chrono Boost)  
  31  2:37  Probe (Chrono Boost)  
  32  2:44  Probe (Chrono Boost)  
  32  2:45  Probe (Chrono Boost)  
  32  2:50  Probe (Chrono Boost)  
  32  2:51  Probe  
  37  3:01  Probe  
  37  3:04  Probe  
  39  3:05  Oracle (Chrono Boost)  
  42  3:13  Pylon  
  42  3:14  Probe  
  42  3:16  Probe  
  42  3:26  Probe  
  43  3:27  Gateway  
  43  3:28  Gateway  
  43  3:30  Probe  
  43  3:34  Oracle (Chrono Boost), Shield Battery  
  47  3:42  Stalker  
  47  3:45  Probe  
  48  4:01  Probe x2  
  45  4:04  Pylon  
  45  4:13  Probe  
  45  4:21  Twilight Council  
  45  4:24  Probe  
  45  4:25  Probe  
  45  4:27  Assimilator  
  45  4:29  Assimilator  
  45  4:30  Nexus  
  47  4:32  Pylon  
  47  4:33  Forge  
  47  4:37  Probe x2  
  49  4:49  Probe x2  
  49  4:52  Blink (Chrono Boost)  
  51  4:56  Sentry  
  51  4:57  Sentry  
  55  5:01  Probe x2, Pylon  
  57  5:08  Protoss Ground Weapons Level 1 (Chrono Boost)  
  57  5:13  Probe x2  
  59  5:20  Gateway  
  59  5:22  Gateway x2  
  59  5:25  Probe x2  
  59  5:27  Gateway  
  61  5:31  Gateway  
  61  5:33  Sentry  
  63  5:36  Stalker  
  63  5:39  Stalker  
  67  5:44  Shield Battery  
  67  5:59  Stalker x2  
  71  6:07  Zealot  
  66  6:15  Probe  
  66  6:16  Probe x2  
  65  6:20  Stalker x3  
  65  6:24  Stalker  
  65  6:25  Stalker x2  
  71  6:34  Probe x3, Protoss Ground Armor Level 1 (Chrono Boost)  
  71  6:35  Robotics Facility  
  71  6:36  Pylon  
  71  6:38  Stalker  
  71  6:39  Stalker  
  78  6:42  Charge (Chrono Boost)  
  78  6:47  Zealot x2  
  82  6:55  Zealot  
  82  6:56  Zealot x2  
  82  6:57  Zealot  
  90  7:01  Pylon  
  80  7:09  Stalker x3  
  84  7:19  Stalker x3  
  84  7:20  Sentry  
  93  7:23  Observer (Chrono Boost)  
  93  7:25  Zealot  
  95  7:32  Zealot, Stalker  
  95  7:33  Zealot  
  95  7:35  Warp Prism (Chrono Boost)  
  101  7:39  Pylon  
  101  7:42  Zealot x2  
  99  7:59  Stalker x3  
  99  8:00  Zealot x3  
  111  8:07  Forge  
  111  8:12  Assimilator  
  111  8:15  Assimilator  
  95  8:31  Stalker x4  
  95  8:32  Stalker x4  
  101  8:38  Protoss Ground Armor Level 2 (Chrono Boost)  
  95  8:46  Warp Prism  
  91  8:57  Sentry  
  91  8:58  Zealot x7  
  91  9:01  Protoss Ground Weapons Level 2 (Chrono Boost)  
  107  9:16  Probe x3  
  104  9:20  Zealot x3, Templar Archives  
  110  9:24  Pylon  
  110  9:28  Probe  
  111  9:32  Immortal, Nexus  
  111  9:48  Pylon  
  107  9:58  Zealot x6  
  119  10:04  Psionic Storm  
  119  10:06  High Templar x2  
  123  10:09  Immortal (Chrono Boost)  
  123  10:16  Pylon  
  111  10:31  Zealot x2, High Templar x4  
  121  10:41  Probe x3  
  124  10:45  Probe  
  125  10:51  Zealot x2  
  125  10:53  Zealot, Sentry, Gateway  
  125  10:56  Gateway  
  132  10:58  Observer (Chrono Boost)  
  133  11:08  Zealot x4  
  141  11:17  Zealot  
  141  11:18  Zealot x3  
  135  11:35  Stalker x6  
  135  11:36  Stalker  
  135  11:37  Stalker  
  111  12:20  Nexus  
Show
View Real Time Build Order
Export as new Build Order

llllllllllll Terran - Winner!

Build Orders: Cyclone Opening, MMM Bio 

Get SALT Encoding   

  12  0:01  SCV  
  13  0:14  SCV  
  13  0:18  Supply Depot  
  14  0:26  SCV  
  15  0:30  Refinery  
  15  0:39  SCV  
  16  0:46  Barracks  
  16  0:52  SCV  
  17  1:04  SCV  
  18  1:16  SCV  
  19  1:34  Orbital Command, Marine  
  20  1:47  Command Center  
  20  1:56  Factory  
  20  2:00  SCV  
  21  2:05  Barracks Reactor  
  21  2:09  Refinery  
  21  2:13  SCV  
  22  2:18  Supply Depot  
  22  2:25  SCV  
  23  2:39  SCV  
  24  2:46  Cyclone  
  24  2:48  Cyclone  
  30  2:52  SCV  
  30  2:54  Barracks Tech Lab  
  31  2:58  Orbital Command  
  31  3:04  SCV  
  32  3:11  Barracks  
  31  3:16  Stimpack  
  31  3:18  SCV  
  32  3:21  Marine  
  32  3:25  SCV  
  34  3:30  SCV  
  34  3:33  Barracks  
  35  3:35  Factory Tech Lab  
  35  3:38  SCV  
  36  3:41  Marine  
  36  3:42  SCV  
  38  3:50  SCV  
  38  3:54  SCV  
  40  4:01  Marine  
  40  4:02  SCV  
  42  4:08  Marine x2  
  44  4:12  Engineering Bay  
  38  4:18  SCV x2  
  38  4:20  Marine  
  38  4:21  Supply Depot  
  38  4:22  Factory Reactor  
  41  4:24  Starport  
  41  4:26  Marine x2  
  41  4:27  Marine, Combat Shields  
  41  4:30  SCV x2  
  46  4:40  Supply Depot, Terran Infantry Weapons Level 1  
  46  4:42  Marine  
  46  4:43  Supply Depot, Marine  
  46  4:44  Marine  
  46  4:45  SCV  
  50  4:47  SCV  
  50  4:48  Marine  
  52  4:57  SCV  
  52  4:59  SCV  
  54  5:01  Marine x3  
  54  5:05  Marine  
  54  5:07  Supply Depot, Medivac x2  
  60  5:08  Factory Reactor  
  60  5:11  SCV  
  60  5:12  SCV  
  64  5:19  Marine x3  
  67  5:23  Marine  
  68  5:31  Command Center  
  68  5:34  SCV  
  68  5:35  Supply Depot, SCV  
  70  5:36  Marine  
  70  5:37  Marine  
  70  5:42  Medivac  
  74  5:44  Marine x2, Medivac  
  74  5:48  Refinery  
  74  5:49  Refinery  
  78  5:54  SCV  
  78  5:55  Marine  
  78  5:56  Marine  
  78  5:57  Widow Mine x2  
  83  5:59  SCV  
  81  6:07  SCV  
  81  6:09  Marine  
  78  6:13  Marine  
  78  6:16  Marine  
  78  6:17  Marauder  
  78  6:18  Widow Mine, SCV  
  80  6:21  Widow Mine  
  81  6:27  Marine  
  81  6:30  Marine  
  80  6:35  SCV x2  
  80  6:38  Terran Infantry Armor Level 1, Marauder  
  84  6:43  Widow Mine x2  
  84  6:46  Marine, Barracks  
  89  6:47  SCV, Barracks, Medivac  
  89  6:49  Marauder  
  89  6:52  SCV  
  89  6:53  Marine  
  96  6:54  SCV  
  96  6:55  Supply Depot  
  96  7:00  Marauder  
  99  7:06  Marine  
  99  7:08  SCV  
  92  7:10  Marauder  
  92  7:11  SCV  
  92  7:13  Marine  
  87  7:16  Widow Mine x2  
  87  7:19  Medivac x2  
  87  7:20  Orbital Command  
  87  7:21  SCV, Marauder  
  98  7:23  SCV  
  98  7:24  Supply Depot, Marine  
  98  7:31  Marine, Concussive Shells  
  98  7:33  SCV  
  98  7:35  SCV, Barracks Tech Lab  
  98  7:36  Barracks Reactor  
  101  7:37  Widow Mine  
  101  7:38  Widow Mine, Marauder  
  101  7:41  Marine  
  101  7:42  Marine  
  109  7:45  SCV  
  109  7:47  SCV  
  109  7:49  Marine  
  109  7:54  Marine  
  109  7:57  SCV  
  102  7:59  Marine, Marauder  
  102  8:00  Marauder  
  102  8:02  Widow Mine x2  
  102  8:03  SCV  
  102  8:04  SCV, Armory  
  113  8:05  Engineering Bay  
  113  8:06  Marine  
  113  8:10  Supply Depot  
  113  8:12  Marauder  
  116  8:16  Marine x2  
  116  8:17  Marine  
  108  8:21  Marine, Marauder  
  108  8:23  SCV  
  108  8:24  Marine  
  106  8:31  SCV  
  106  8:32  SCV  
  106  8:33  Marauder, Liberator  
  100  8:34  Marine x2  
  100  8:35  SCV, Marine  
  100  8:39  Marauder  
  74  8:41  Medivac  
  97  8:42  Widow Mine, Marine, Marauder  
  97  8:43  Widow Mine, SCV  
  97  8:45  SCV  
  97  8:47  SCV  
  107  8:52  Marine x2  
  107  8:53  Marine  
  113  8:56  Supply Depot, Terran Infantry Weapons Level 2  
  113  8:57  Supply Depot  
  113  8:59  SCV x2  
  113  9:00  SCV, Marine, Refinery x2  
  117  9:04  Terran Infantry Armor Level 2  
  117  9:06  Marine  
  117  9:08  Marine  
  114  9:11  SCV  
  114  9:12  Marine  
  114  9:13  Marauder  
  117  9:17  Marine x2  
  117  9:18  Marine  
  117  9:20  Widow Mine x2  
  117  9:23  Medivac  
  128  9:24  Marauder  
  128  9:26  Marine  
  128  9:30  Marine  
  130  9:32  Supply Depot  
  130  9:33  Supply Depot  
  130  9:34  Marauder  
  130  9:35  Supply Depot, Marine x2  
  130  9:36  Liberator  
  132  9:40  Marine  
  132  9:41  Widow Mine  
  132  9:45  Marauder  
  133  9:46  Widow Mine  
  133  9:53  Marine x3  
  133  9:55  Medivac  
  133  9:56  Marauder  
  133  9:57  Marine  
  133  9:58  Marine  
  142  10:06  Marauder  
  136  10:08  SCV  
  136  10:09  SCV x2  
  136  10:11  Marine x2  
  136  10:12  Marauder  
  130  10:15  Marine  
  130  10:17  Widow Mine  
  130  10:20  SCV  
  132  10:21  SCV x2  
  132  10:24  Marine  
  133  10:32  SCV, Marine, Barracks Tech Lab  
  133  10:33  SCV, Marine, Marauder  
  133  10:34  SCV  
  138  10:36  Missile Turret, Widow Mine  
  138  10:39  Widow Mine  
  138  10:42  Marine  
  142  10:43  Marine, Marauder  
  142  10:46  Medivac  
  142  10:48  Refinery  
  142  10:49  Medivac  
  153  10:55  Marine x2  
  153  10:56  Marine, Marauder  
  155  10:58  Widow Mine  
  157  11:10  Supply Depot  
  157  11:11  Supply Depot  
  157  11:17  Marine  
  157  11:27  Marine  
  157  11:29  Marine x2  
  157  11:30  Marauder  
  157  11:32  Medivac  
  155  11:46  Orbital Command  
  141  11:58  Orbital Command  
Tags
 
Add a new tag
Caveats
  • Supply blocks, unpowered buildings, or Contaminate may cause inaccurate times.
  • Supply counts are checked every 10 seconds.